 Dungeon Crawl Stone Soup version 0.32-a0-411-g744942f433 (webtiles) character file.

Game seed: 14566984042674563866

319 CougarLife the Digger (level 6, 0/32 HPs)
             Began as a Gargoyle Earth Elementalist on Feb 20, 2024.
             Slain by Blork the orc
             ... wielding a +0 glaive
              (9 damage)
             ... on level 4 of the Dungeon.
             The game lasted 00:03:23 (4698 turns).

CougarLife the Digger (Gargoyle Earth Elementalist) Turns: 4698, Time: 00:03:23

Health: 0/32       AC:  9    Str: 11    XL:     6   Next: 45%
Magic:  8/11       EV: 11    Int: 21    God:
Gold:   254        SH:  0    Dex: 10    Spells: 8/12 levels left

rFire   . . .        p - +1 dagger (venom)
rCold   . . .        (no shield)
rNeg    + . .        a - +0 robe
rPois   ∞            m - +0 helmet
rElec   +            q - +1 cloak of Supple Strength {rElec Int+3}
rCorr   .            (no gloves)
SInv    .            (no boots)
Will    .....        (no amulet)
Stlth   ++           (no ring)
HPRegen 0.25/turn    (no ring)
MPRegen 0.12/turn

%: no passive effects
@: no status effects
A: sickness immunity, AC +4, negative energy resistance 1, electricity
resistance, torment resistance 1, petrification resistance
a: no special abilities


You were on level 4 of the Dungeon.
You visited 1 branch of the dungeon, and saw 4 of its levels.

You collected 254 gold pieces.

Inventory:

Hand Weapons
 p - a +1 dagger of venom (weapon)
Armour
 a - a +0 robe (worn)
 m - a +0 helmet (worn)
 q - the +1 cloak of Supple Strength (worn) {rElec Int+3}
   (You found it on level 3 of the Dungeon)

   Int+3:     It affects your intelligence (+3).
   rElec:     It insulates you from electricity.
Scrolls
 d - 2 scrolls of enchant armour {unknown}
 e - 2 scrolls of immolation {unknown}
 f - a scroll of silence {unknown}
 k - a scroll of poison {unknown}
 l - a scroll of fog {unknown}
 n - a scroll of blinking {unknown}
 o - a scroll of teleportation {unknown}
 r - a scroll of enchant weapon {unknown}
 t - 3 scrolls of identify {unknown}
 w - a scroll of noise {unknown}
Potions
 c - 2 potions of haste {unknown}
 g - a potion of resistance {unknown}
 h - a potion of heal wounds {unknown}
 i - a potion of brilliance {unknown}
 j - a potion of attraction {unknown}
 s - 2 potions of curing {unknown}
 u - a potion of might {unknown}
 v - a potion of ambrosia {unknown}


   Skills:
 - Level 1.5 Dodging
 - Level 2.1 Stealth
 + Level 3.9 Spellcasting
 + Level 4.0 Conjurations
 + Level 5.6 Earth Magic


You had 8 spell levels left.
You knew the following spells:

 Your Spells              Type           Power      Damage    Failure   Level
a - Sandblast             Erth           54%        2d13      1%          1
b - Stone Arrow           Conj/Erth      48%        3d10      4%          3

Your spell library contained the following spells:

 Spells                   Type           Power      Damage    Failure   Level
 Passwall                 Erth           27%        N/A       3%          3
 Brom's Barrelling Bould  Conj/Erth      24%        2d5       17%         4
 Petrify                  Alch/Erth      15%        N/A       36%         4


Dungeon Overview and Level Annotations

Branches:
Dungeon (4/15)
 Temple: D:4-7

Altars:
Sif Muna
Wu Jian

Annotations:
D:4 Blork the orc, Edmund


Innate Abilities, Weirdness & Mutations

You are immune to sickness and miasma.
Your stone body is resilient. (AC +4)
You are immune to poison.
You resist negative energy. (rN+)
You are resistant to electric shocks. (rElec)
You are resistant to unholy torment.
You are immune to petrification.


Message History

Blork the orc barely misses you.
Casting: Stone Arrow (dangerous; 4% risk of failure)
Confirm with . or Enter, or press ? or * to list all spells.
Aiming: Stone Arrow (dangerous; 4% risk of failure)
Press: ? - help, Shift-Dir - straight line, f/p - Edmund
Aim: Edmund, wielding a +2 dire flail of protection and wearing a +0 ring mail (moderately wounded, 75% to hit)
The stone arrow hits Edmund!
Edmund is heavily wounded.
Edmund hits you but does no damage.
Blork the orc casts a cantrip, but nothing happens.
Casting: Stone Arrow (dangerous; 4% risk of failure)
Confirm with . or Enter, or press ? or * to list all spells.
You don't have enough magic to cast this spell.
Unknown command.
Casting: Stone Arrow (dangerous; 4% risk of failure)
Confirm with . or Enter, or press ? or * to list all spells.
You don't have enough magic to cast this spell.
Unknown command.
Casting: Stone Arrow (dangerous; 4% risk of failure)
Confirm with . or Enter, or press ? or * to list all spells.
Aiming: Sandblast (safe; 1% risk of failure)
Press: ? - help, Shift-Dir - straight line, f/p - Edmund
Aim: Edmund, wielding a +2 dire flail of protection and wearing a +0 ring mail (heavily wounded, 85% to hit)
The blast of sand hits Edmund!
Edmund is severely wounded.
Edmund closely misses you. Blork the orc misses you.
Magic courses through your body.
Edmund hits you with a +2 dire flail of protection.
Blork the orc hits you but does no damage.
Casting: Sandblast (safe; 1% risk of failure)
Confirm with . or Enter, or press ? or * to list all spells.
Aiming: Stone Arrow (dangerous; 4% risk of failure)
Press: ? - help, Shift-Dir - straight line, f/p - Edmund
Aim: Edmund, wielding a +2 dire flail of protection and wearing a +0 ring mail (severely wounded, 75% to hit)
The stone arrow hits Edmund!
Edmund is almost dead.
Edmund hits you with a +2 dire flail of protection!
* * * LOW HITPOINT WARNING * * *
Blork the orc hits you from afar with a +0 glaive!
You die...

...# #....#..#......#....
...# #....#..#......'....
...# #....'..#......#....
.#.# ##+#....##'#......#####
.#.# #....#'##....#######...
#..# #....#..#....#.........
##.# #....o..#....#.........
...# #....#@.#....#.........
...# #..o.#@.#....#)........
...# #....####....#.........
...# #..@.........#....###..
...# #............#....###..
#..# #............#.........
...# #............#.........
...#
######............#+##..####
...#
#...<...#########....#..##..
...#
+.......#.......'....#...#..


You could see Edmund and Blork the orc.

Vanquished Creatures
  A howler monkey (D:4)
  Jessica (D:3)
  3 iguanas (D:4)
  Robin (D:2)
  2 adders
  3 ribbon worms
  2 dart slugs
  4 orcs (D:4)
  3 ball pythons
  3 bats
  4 endoplasms
  4 giant cockroaches
  14 goblins
  10 hobgoblins
  3 jackals (D:2)
  6 kobolds
  4 quokkas
  4 frilled lizards
  5 rats
77 creatures vanquished.

Notes
Turn   | Place    | Note
-------+----------+-------------------------------------------
     0 | D:1      | CougarLife the Gargoyle Earth Elementalist began the quest
                  | for the Orb.
     0 | D:1      | Reached XP level 1. HP: 10/10 MP: 3/3
   110 | D:1      | Reached XP level 2. HP: 15/15 MP: 1/5
   404 | D:1      | Reached skill level 4 in Earth Magic
   903 | D:2      | Reached XP level 3. HP: 19/19 MP: 4/6
   994 | D:2      | Noticed Robin
  1101 | D:2      | Killed Robin
  1102 | D:2      | Reached XP level 4. HP: 8/24 MP: 1/8
  1210 | D:2      | Found a faded altar of an unknown god.
  2509 | D:2      | Learned a level 3 spell: Stone Arrow
  2551 | D:3      | Reached XP level 5. HP: 28/28 MP: 7/9
  3068 | D:3      | Noticed Jessica
  3071 | D:3      | Killed Jessica
  3072 | D:3      | Reached skill level 5 in Earth Magic
  3153 | D:3      | Identified the +1 cloak of Supple Strength {rElec Int+3}
  3821 | D:4      | Found a shimmering blue altar of Sif Muna.
  4025 | D:4      | Reached XP level 6. HP: 25/32 MP: 6/11
  4368 | D:4      | Found an ornate altar of the Wu Jian Council.
  4687 | D:4      | Noticed Edmund
  4687 | D:4      | Noticed Blork the orc
  4698 | D:4      | Slain by Blork the orc

Illustrated notes

Levels and vault maps discovered:
D:1:      nicolae_arrival_washed_ashore, layout_basic
D:2:      layout_basic, shapermc_ecumenical_altar_mp_ritualfount, uniq_robin
D:3:      layout_basic, serial_corexii_hall, chequers_hall_statues_corner_a,
          chequers_hall_statues_wall_a, uniq_jessica
D:4:      layout_gridville, mainiacjoe_overflow_surrounded_room,
          mainiacjoe_overflow_concentric_impassable, minmay_misc_feat_rugged,
          eino_tiny_chamber, kennysheep_generic_room_9, uniq_edmund,
          uniq_blork_the_orc

Skill      XL: |  1  2  3  4  5  6 |
---------------+-------------------+-----
Earth Magic    | 4 5 |  5.6
Conjurations   | 2 3 4 |  4.0
Spellcasting   | 3 |  3.9
Dodging        | |  1.5
Stealth        | |  2.1

Action                     |  1- 3 |  4- 6 || total
---------------------------+-------+-------++-------
  Melee: Unarmed           |     4 |       ||     4
         Dagger            |    22 |     8 ||    30
   Cast: Sandblast         |    30 |    94 ||   124
         Stone Arrow       |       |     4 ||     4
    Use: Potion            |       |     1 ||     1
 Armour: Robe              |    26 |    47 ||    73
  Dodge: Dodged            |    16 |    49 ||    65

Table legend: (Time is in decaauts)
 A = Elapsed time spent in this place.
 B = Non-inter-level travel time spent in this place.
 C = Inter-level travel time spent in this place.
 D = Time resting spent in this place.
 E = Time spent auto-exploring this place.
 F = Levels seen in this place.
 G = Mean time per level.
                   A        B        C        D        E       F      G
               +--------+--------+--------+--------+--------+-----+--------+
         Total |   4757 |   4462 |    295 |    118 |   3835 |   4 | 1189.2 |
       Dungeon |   4757 |   4462 |    295 |    118 |   3835 |   4 | 1189.2 |
               +--------+--------+--------+--------+--------+-----+--------+

Top non-repeatable levels by time:
     D:2: 1667 daAuts
     D:3: 1237 daAuts
     D:4: 953 daAuts
     D:1: 899 daAuts
